 Dungeon Crawl Stone Soup version 0.29.0-4-gdea44cf6ec (webtiles) character file.

Game seed: 10078838198964363055

67 qw the Caller (level 4, -1/36 HPs)
             Began as a Ghoul Summoner on Sept 9, 2022.
             Slain by an orc
             ... wielding a +0 club
              (2 damage)
             ... on level 3 of the Dungeon.
             The game lasted 00:01:17 (3783 turns).

qw the Caller (Ghoul Summoner)                      Turns: 3783, Time: 00:01:17

Health: -1/36      AC:  3    Str: 13    XL:     4   Next: 16%
Magic:  0/5        EV: 11    Int: 10    God:
Gold:   133        SH:  0    Dex:  9    Spells: 5/6 levels left

rFire   . . .      SeeInvis .   Y - +0 mace
rCold   + . .      Faith    .   (no shield)
rNeg    + + +      Spirit   .   e - +0 leather armour
rPois   inf        Reflect  .   (no helmet)
rElec   .          Harm     .   (no cloak)
rCorr   .          Rampage  .   (no gloves)
Will    .....                   (no boots)
Stlth   +.........              (no amulet)
HPRegen 0.00/turn               (no ring)
MPRegen 0.09/turn               (no ring)

@: very slightly contaminated, inhibited regen
A: claws 1, cold resistance 1, negative energy resistance 3, inhibited
regeneration, torment resistance 2, devour on kill
a: no special abilities


You were on level 3 of the Dungeon.
You visited 1 branch of the dungeon, and saw 3 of its levels.

You collected 133 gold pieces.


Innate Abilities, Weirdness & Mutations

You are immune to poison.
You have sharp fingernails.
Your flesh is cold resistant. (rC+)
You are immune to negative energy. (rN+++)
You do not regenerate when monsters are visible.
You are immune to unholy pain and torment.
You thrive by killing the living.


   Skills:
 - Level 2.2 Fighting
 + Level 2.5 Axes
 - Level 1.7 Dodging
 - Level 2.1 Stealth
 - Level 1.7 Spellcasting
 - Level 3.6 Summonings


You had 5 spell levels left.
You knew the following spells:

 Your Spells              Type           Power      Damage    Failure   Level
a - Summon Small Mammal   Summ           32%        N/A       10%         1

Your spell library contained the following spells:

 Spells                   Type           Power      Damage    Failure   Level
 Call Imp                 Summ           8%         N/A       14%         2
 Call Canine Familiar     Summ           8%         N/A       28%         3
 Summon Guardian Golem    Hex/Summ       4%         N/A       52%         3
 Summon Lightning Spire   Summ/Air       4%         N/A       89%         4

Inventory:

Hand Weapons
 Y - a +0 mace (weapon)
Missiles
 d - 2 boomerangs (quivered)
Armour
 e - a +0 leather armour (worn)
Scrolls
 g - a scroll of identify
Potions
 c - 2 potions of curing {unknown}
 f - a potion of flight {unknown}
 i - a potion of degeneration {unknown}

Dungeon Overview and Level Annotations

Branches:
Dungeon (3/15)

Altars:
Vehumet

Annotations:
D:3 Terence


Message History

Your rat misses the orc.
You see here a scroll labelled SURIOS POIWESH.
3776 ||| Stepping ~*~*~tactically~*~*~ (outnumbered).
Terence attacks as you move away! Terence hits you with a +0 short sword.
Your rat barely misses the orc.
3777 ||| Stepping ~*~*~tactically~*~*~ (outnumbered).
The orc attacks as you move away! The orc misses you.
The dart slug launches a dart at you. The slug dart hits you.
You hit Terence.
Terence is lightly wounded.
The orc barely misses you. Terence misses you.
The dart slug launches a dart at you. The slug dart hits you.
You hit Terence but do no damage.
Terence is lightly wounded.
The orc closely misses you.
Your rat closely misses the orc.
Terence hits you with a +0 short sword.
You barely miss Terence.
Terence is lightly wounded.
The orc hits you with a +0 club. Terence barely misses you.
Your rat bites the orc.
The orc hits you with a +0 club.
Your rat closely misses the orc.
Terence barely misses you.
You completely miss the dart slug.
The dart slug is almost dead.
The orc closely misses you.
Your rat barely misses the orc.
Terence hits you with a +0 short sword. The dart slug closely misses you.
You hit the dart slug.
You kill the dart slug!
You feel better. The orc barely misses you.
Your rat closely misses the orc.
Terence hits you with a +0 short sword.
3783 ||| CASTING Summon Small Mammal
Casting: Summon Small Mammal (safe; 10% risk of failure)
Confirm with . or Enter, or press ? or * to list all spells.
You miscast Summon Small Mammal.
You are very lightly contaminated with residual magic.
Nothing appears to happen.
The orc hits you with a +0 club.
You die...

........#............#
.......................#
........................#
#..........#....#...#####
...............#...........
...............#......#####
..........##...#...........
.........##.#.#....#%#####
#......@@................
#...##.%o....#..#.##...#.
#.....?.r....#..#........
#..#.........#...........
...........................
..##...#.......##....######
........#.................
##[....##.#.#.......######
....... #.#.#....<..#


You could see Terence, an orc (ally target) and a friendly rat (summoned).

Vanquished Creatures
  An adder (D:2)
  A dart slug (D:3)
  2 ball pythons (D:1)
  2 bats (D:1)
  4 endoplasms (D:1)
  A giant cockroach (D:2)
  2 hobgoblins
  3 jackals (D:2)
  A quokka (D:2)
  2 frilled lizards (D:2)
  3 kobolds
  8 rats (D:2)
30 creatures vanquished.

Vanquished Creatures (collateral kills)
  3 dart slugs (D:2)
  A ball python (D:1)
  An endoplasm (D:2)
  4 hobgoblins
  A jackal (D:2)
  A kobold (D:2)
  2 bats (D:1)
  2 frilled lizards (D:1)
  5 rats
20 creatures vanquished.

Grand Total: 50 creatures vanquished

Notes
Turn   | Place    | Note
-------+----------+-------------------------------------------
     0 | D:1      | qw the Ghoul Summoner began the quest for the Orb.
     0 | D:1      | Reached XP level 1. HP: 14/14 MP: 2/2
     0 | D:1      | 0 ||| qw: Version: 0.1-a-113-g051387a
     0 | D:1      | 0 ||| qw: Game counter: 6983
     0 | D:1      | 0 ||| qw: Always use a shield: true
     0 | D:1      | 0 ||| qw: God list: Okawaru
     0 | D:1      | 0 ||| qw: Allow faded altars: false
     0 | D:1      | 0 ||| qw: Do Orc after D:15 true
     0 | D:1      | 0 ||| qw: Do second Lair branch before Depths: true
     0 | D:1      | 0 ||| qw: Lair rune preference: random
     0 | D:1      | 0 ||| qw: Plans: Normal
     0 | D:1      | 0 ||| PLANNING D:1-11
    38 | D:1      | 38 ||| CASTING Summon Small Mammal
    39 | D:1      | 39 ||| CASTING Summon Small Mammal
    72 | D:1      | 72 ||| CASTING Summon Small Mammal
    73 | D:1      | 73 ||| CASTING Summon Small Mammal
   194 | D:1      | 194 ||| Wielding weapon +0 dagger.
   216 | D:1      | 216 ||| CASTING Summon Small Mammal
   217 | D:1      | 217 ||| CASTING Summon Small Mammal
   407 | D:1      | 407 ||| CASTING Summon Small Mammal
   408 | D:1      | 408 ||| CASTING Summon Small Mammal
   409 | D:1      | Reached skill level 1 in Axes
   435 | D:1      | 435 ||| CASTING Summon Small Mammal
   436 | D:1      | 436 ||| CASTING Summon Small Mammal
   506 | D:1      | 506 ||| CASTING Summon Small Mammal
   507 | D:1      | 507 ||| CASTING Summon Small Mammal
   515 | D:1      | Reached XP level 2. HP: 22/22 MP: 0/3
   598 | D:1      | 598 ||| CASTING Summon Small Mammal
   599 | D:1      | 599 ||| CASTING Summon Small Mammal
   600 | D:1      | 600 ||| CASTING Summon Small Mammal
   604 | D:1      | Reached skill level 1 in Fighting
   691 | D:1      | 691 ||| CASTING Summon Small Mammal
   692 | D:1      | 692 ||| CASTING Summon Small Mammal
   693 | D:1      | 693 ||| CASTING Summon Small Mammal
   834 | D:1      | 834 ||| CASTING Summon Small Mammal
   835 | D:1      | 835 ||| CASTING Summon Small Mammal
   836 | D:1      | 836 ||| CASTING Summon Small Mammal
   873 | D:1      | 873 ||| CASTING Summon Small Mammal
   874 | D:1      | 874 ||| CASTING Summon Small Mammal
   875 | D:1      | 875 ||| CASTING Summon Small Mammal
   914 | D:1      | 914 ||| CASTING Summon Small Mammal
   915 | D:1      | 915 ||| CASTING Summon Small Mammal
   916 | D:1      | 916 ||| CASTING Summon Small Mammal
   952 | D:1      | 952 ||| CASTING Summon Small Mammal
   953 | D:1      | 953 ||| CASTING Summon Small Mammal
   954 | D:1      | 954 ||| CASTING Summon Small Mammal
   994 | D:1      | 994 ||| CASTING Summon Small Mammal
   995 | D:1      | 995 ||| CASTING Summon Small Mammal
   996 | D:1      | 996 ||| CASTING Summon Small Mammal
  1039 | D:1      | 1039 ||| Stepping ~*~*~tactically~*~*~ (stealth).
  1042 | D:1      | 1042 ||| Stepping ~*~*~tactically~*~*~ (stealth).
  1045 | D:1      | 1045 ||| Stepping ~*~*~tactically~*~*~ (stealth).
  1046 | D:1      | 1046 ||| CASTING Summon Small Mammal
  1047 | D:1      | 1047 ||| CASTING Summon Small Mammal
  1048 | D:1      | 1048 ||| CASTING Summon Small Mammal
  1060 | D:1      | 1060 ||| CASTING Summon Small Mammal
  1285 | D:1      | 1285 ||| CASTING Summon Small Mammal
  1286 | D:1      | 1286 ||| CASTING Summon Small Mammal
  1287 | D:1      | 1287 ||| CASTING Summon Small Mammal
  1337 | D:1      | 1337 ||| CASTING Summon Small Mammal
  1338 | D:1      | 1338 ||| CASTING Summon Small Mammal
  1339 | D:1      | 1339 ||| CASTING Summon Small Mammal
  1398 | D:1      | 1398 ||| CASTING Summon Small Mammal
  1399 | D:1      | 1399 ||| CASTING Summon Small Mammal
  1400 | D:1      | 1400 ||| CASTING Summon Small Mammal
  1589 | D:1      | 1589 ||| UPGRADING to +0 leather armour.
  1599 | D:1      | 1599 ||| DROPPING +0 robe.
  1600 | D:1      | 1600 ||| READING scroll labelled BUEVEPROSIK.
  1601 | D:1      | 1601 ||| READING 2 scrolls labelled DELOAM WEGUDE.
  1602 | D:1      | 1602 ||| READING scroll labelled SENUANW RUTOY.
  1703 | D:1      | 1703 ||| READING scroll labelled KEUVUM LIYNIFU.
  1704 | D:1      | 1704 ||| DROPPING potion of magic.
  1725 | D:2      | 1725 ||| Stepping ~*~*~tactically~*~*~ (hiding).
  1728 | D:2      | 1728 ||| Stepping ~*~*~tactically~*~*~ (hiding).
  1735 | D:2      | 1735 ||| CASTING Summon Small Mammal
  1736 | D:2      | 1736 ||| CASTING Summon Small Mammal
  1737 | D:2      | 1737 ||| CASTING Summon Small Mammal
  1742 | D:2      | Reached XP level 3. HP: 17/28 MP: 0/4
  1933 | D:2      | 1933 ||| Stepping ~*~*~tactically~*~*~ (hiding).
  1942 | D:2      | 1942 ||| CASTING Summon Small Mammal
  1943 | D:2      | 1943 ||| CASTING Summon Small Mammal
  1944 | D:2      | 1944 ||| CASTING Summon Small Mammal
  1945 | D:2      | 1945 ||| CASTING Summon Small Mammal
  2022 | D:2      | 2022 ||| CASTING Summon Small Mammal
  2023 | D:2      | 2023 ||| CASTING Summon Small Mammal
  2024 | D:2      | 2024 ||| CASTING Summon Small Mammal
  2025 | D:2      | 2025 ||| CASTING Summon Small Mammal
  2080 | D:2      | Found a faded altar of an unknown god.
  2085 | D:2      | 2085 ||| CASTING Summon Small Mammal
  2086 | D:2      | 2086 ||| CASTING Summon Small Mammal
  2087 | D:2      | 2087 ||| CASTING Summon Small Mammal
  2088 | D:2      | 2088 ||| CASTING Summon Small Mammal
  2091 | D:2      | 2091 ||| Stepping ~*~*~tactically~*~*~ (outnumbered).
  2092 | D:2      | 2092 ||| Stepping ~*~*~tactically~*~*~ (outnumbered).
  2104 | D:2      | 2104 ||| CASTING Summon Small Mammal
  2107 | D:2      | 2107 ||| CASTING Summon Small Mammal
  2197 | D:2      | 2197 ||| SWAPPING to +0 short sword.
  2198 | D:2      | 2198 ||| DROPPING +0 dagger.
  2275 | D:2      | 2275 ||| CASTING Summon Small Mammal
  2276 | D:2      | 2276 ||| CASTING Summon Small Mammal
  2277 | D:2      | 2277 ||| CASTING Summon Small Mammal
  2278 | D:2      | 2278 ||| CASTING Summon Small Mammal
  2324 | D:2      | 2324 ||| CASTING Summon Small Mammal
  2325 | D:2      | 2325 ||| CASTING Summon Small Mammal
  2326 | D:2      | 2326 ||| CASTING Summon Small Mammal
  2327 | D:2      | 2327 ||| CASTING Summon Small Mammal
  2375 | D:2      | 2375 ||| CASTING Summon Small Mammal
  2376 | D:2      | 2376 ||| CASTING Summon Small Mammal
  2377 | D:2      | 2377 ||| CASTING Summon Small Mammal
  2378 | D:2      | 2378 ||| CASTING Summon Small Mammal
  2422 | D:2      | 2422 ||| CASTING Summon Small Mammal
  2423 | D:2      | 2423 ||| CASTING Summon Small Mammal
  2424 | D:2      | 2424 ||| CASTING Summon Small Mammal
  2425 | D:2      | 2425 ||| CASTING Summon Small Mammal
  2469 | D:2      | 2469 ||| CASTING Summon Small Mammal
  2470 | D:2      | 2470 ||| CASTING Summon Small Mammal
  2471 | D:2      | 2471 ||| CASTING Summon Small Mammal
  2472 | D:2      | 2472 ||| CASTING Summon Small Mammal
  2516 | D:2      | 2516 ||| CASTING Summon Small Mammal
  2517 | D:2      | 2517 ||| CASTING Summon Small Mammal
  2518 | D:2      | 2518 ||| CASTING Summon Small Mammal
  2519 | D:2      | 2519 ||| CASTING Summon Small Mammal
  2561 | D:2      | 2561 ||| CASTING Summon Small Mammal
  2562 | D:2      | 2562 ||| CASTING Summon Small Mammal
  2563 | D:2      | 2563 ||| CASTING Summon Small Mammal
  2564 | D:2      | 2564 ||| CASTING Summon Small Mammal
  2572 | D:2      | 2572 ||| CASTING Summon Small Mammal
  2695 | D:2      | 2695 ||| CASTING Summon Small Mammal
  2696 | D:2      | 2696 ||| CASTING Summon Small Mammal
  2697 | D:2      | 2697 ||| CASTING Summon Small Mammal
  2698 | D:2      | 2698 ||| CASTING Summon Small Mammal
  2742 | D:2      | 2742 ||| CASTING Summon Small Mammal
  2743 | D:2      | 2743 ||| CASTING Summon Small Mammal
  2744 | D:2      | 2744 ||| CASTING Summon Small Mammal
  2745 | D:2      | 2745 ||| CASTING Summon Small Mammal
  2796 | D:2      | 2796 ||| CASTING Summon Small Mammal
  2797 | D:2      | 2797 ||| CASTING Summon Small Mammal
  2798 | D:2      | 2798 ||| CASTING Summon Small Mammal
  2799 | D:2      | 2799 ||| CASTING Summon Small Mammal
  2842 | D:2      | 2842 ||| CASTING Summon Small Mammal
  2843 | D:2      | 2843 ||| CASTING Summon Small Mammal
  2844 | D:2      | 2844 ||| CASTING Summon Small Mammal
  2845 | D:2      | 2845 ||| CASTING Summon Small Mammal
  2902 | D:2      | 2902 ||| CASTING Summon Small Mammal
  2903 | D:2      | 2903 ||| CASTING Summon Small Mammal
  2904 | D:2      | 2904 ||| CASTING Summon Small Mammal
  2905 | D:2      | 2905 ||| CASTING Summon Small Mammal
  2913 | D:2      | 2913 ||| CASTING Summon Small Mammal
  2968 | D:2      | 2968 ||| CASTING Summon Small Mammal
  2969 | D:2      | 2969 ||| CASTING Summon Small Mammal
  2970 | D:2      | 2970 ||| CASTING Summon Small Mammal
  2971 | D:2      | 2971 ||| CASTING Summon Small Mammal
  3037 | D:2      | 3037 ||| CASTING Summon Small Mammal
  3038 | D:2      | 3038 ||| CASTING Summon Small Mammal
  3039 | D:2      | 3039 ||| CASTING Summon Small Mammal
  3040 | D:2      | 3040 ||| CASTING Summon Small Mammal
  3130 | D:2      | Found a radiant altar of Vehumet.
  3139 | D:2      | 3139 ||| CASTING Summon Small Mammal
  3140 | D:2      | 3140 ||| CASTING Summon Small Mammal
  3141 | D:2      | 3141 ||| CASTING Summon Small Mammal
  3142 | D:2      | 3142 ||| CASTING Summon Small Mammal
  3192 | D:2      | 3192 ||| SWAPPING to +0 mace.
  3193 | D:2      | 3193 ||| DROPPING +0 short sword.
  3207 | D:2      | 3207 ||| CASTING Summon Small Mammal
  3208 | D:2      | 3208 ||| CASTING Summon Small Mammal
  3209 | D:2      | 3209 ||| CASTING Summon Small Mammal
  3210 | D:2      | 3210 ||| CASTING Summon Small Mammal
  3218 | D:2      | 3218 ||| CASTING Summon Small Mammal
  3219 | D:2      | Reached XP level 4. HP: 36/36 MP: 0/5
  3303 | D:2      | 3303 ||| CASTING Summon Small Mammal
  3304 | D:2      | 3304 ||| CASTING Summon Small Mammal
  3305 | D:2      | 3305 ||| CASTING Summon Small Mammal
  3306 | D:2      | 3306 ||| CASTING Summon Small Mammal
  3307 | D:2      | 3307 ||| CASTING Summon Small Mammal
  3313 | D:2      | 3313 ||| CASTING Summon Small Mammal
  3322 | D:2      | 3322 ||| CASTING Summon Small Mammal
  3623 | D:2      | 3623 ||| READING scroll labelled OQEMIM ZEVINT.
  3624 | D:2      | 3624 ||| READING scroll labelled ODAUMU VECZY.
  3625 | D:2      | 3625 ||| READING scroll labelled QAEDAH FOU.
  3630 | D:2      | 3630 ||| READING scroll labelled WAVOAZ JIRUG.
  3631 | D:2      | 3631 ||| READING 2 scrolls of identify.
  3631 | D:2      | 3631 ||| IDENTIFYING fizzy white potion
  3632 | D:2      | 3632 ||| DROPPING potion of brilliance.
  3670 | D:3      | 3670 ||| CASTING Summon Small Mammal
  3671 | D:3      | 3671 ||| CASTING Summon Small Mammal
  3672 | D:3      | 3672 ||| CASTING Summon Small Mammal
  3673 | D:3      | 3673 ||| CASTING Summon Small Mammal
  3674 | D:3      | 3674 ||| CASTING Summon Small Mammal
  3763 | D:3      | 3763 ||| CASTING Summon Small Mammal
  3764 | D:3      | 3764 ||| CASTING Summon Small Mammal
  3765 | D:3      | 3765 ||| CASTING Summon Small Mammal
  3766 | D:3      | 3766 ||| CASTING Summon Small Mammal
  3767 | D:3      | 3767 ||| CASTING Summon Small Mammal
  3770 | D:3      | Noticed Terence
  3774 | D:3      | 3774 ||| CASTING Summon Small Mammal
  3775 | D:3      | 3775 ||| Stepping ~*~*~tactically~*~*~ (outnumbered).
  3776 | D:3      | 3776 ||| Stepping ~*~*~tactically~*~*~ (outnumbered).
  3777 | D:3      | 3777 ||| Stepping ~*~*~tactically~*~*~ (outnumbered).
  3780 | D:3      | HP: 9/36 [orc/+0 club (3)]
  3781 | D:3      | HP: 2/36 [Terence/+0 short sword (4)]
  3783 | D:3      | 3783 ||| CASTING Summon Small Mammal
  3783 | D:3      | Slain by an orc

Levels and vault maps discovered:
D:1:      matt_arrival_refuge, layout_loops_cross, serial_rivers,
          chequers_serial_rivers_micro_d, chequers_serial_rivers_room_a,
          chequers_serial_rivers_marsh, chequers_serial_rivers_small_a,
          chequers_serial_rivers_micro_a, chequers_serial_rivers_marsh,
          st_stairs_3, minmay_box_of_dots
D:2:      layout_basic, basic_ecumenical_altar, basic_altar, roderic_lattice_a,
          minmay_rat_gold_closets
D:3:      layout_basic, nicolae_ru_great_annihilating_truth,
          mainiacjoe_overflow_paths, uniq_terence

Skill      XL: |  1  2  3 |
---------------+----------+-----
Axes           | 1 2 |  2.5
Fighting       | 1 2 |  2.2
Dodging        | |  1.7
Stealth        | |  2.1
Spellcasting   | |  1.7
Summonings     | |  3.6

Action                   |  1- 3 |  4- 6 || total
-------------------------+-------+-------++-------
Melee: Dagger            |    55 |       ||    55
       Unarmed           |     5 |       ||     5
       Punch             |     2 |       ||     2
       Short sword       |    43 |       ||    43
       Mace              |       |    21 ||    21
Throw: Boomerang         |    14 |     1 ||    15
 Cast: Summon Small Mamm |   123 |    18 ||   141
  Use: Scroll            |     4 |     5 ||     9
Armor: Robe              |     8 |       ||     8
       Leather armour    |    12 |     9 ||    21
Dodge: Dodged            |    69 |    27 ||    96

Table legend:
 A = Non-vault XP
 B = Vault XP
 C = Vault XP percentage of total XP
 D = Non-vault monster count
 E = Vault monster count
 F = Vault count percentage of total count
                 A         B        C        D         E       F
            +---------+---------+-------+---------+---------+-------
      Total |      80 |      16 |  16.7 |      37 |      13 |  26.0
            +---------+---------+-------+---------+---------+-------
        D:1 |      26 |       7 |  21.2 |      17 |       4 |  19.0
        D:2 |      48 |       9 |  15.8 |      18 |       9 |  33.3
        D:3 |       6 |       0 |   0.0 |       2 |       0 |   0.0
            +---------+---------+-------+---------+---------+-------
